 Dungeon Crawl Stone Soup version 0.30.1-4-g462c640d31 (webtiles) character file.

Game seed: 4896566062835872628

3405 ChadusMaximus the Cleaver (level 9, -2/129 HPs)
             Began as a Minotaur Fighter on Aug 25, 2023.
             Was an Elder of Okawaru.
             Slain by a fire elemental (3 damage)
             ... summoned by a deep elf pyromancer
             ... on level 8 of the Dungeon.
             The game lasted 00:07:18 (6755 turns).

ChadusMaximus the Cleaver (Minotaur Fighter)        Turns: 6755, Time: 00:07:19

Health: -2/129     AC: 24    Str: 24    XL:     9   Next: 75%
Magic:  11/12      EV:  2    Int:  5    God:    Okawaru [****..]
Gold:   344        SH:  7    Dex: 17    Spells: 8/8 levels left

rFire   + . .        a - +0 war axe
rCold   . . .        c - +0 buckler
rNeg    . . .        f - melded +0 plate armour
rPois   +            (helmet currently unavailable)
rElec   .            C - melded scarf {shadows}
rCorr   .            (gloves currently unavailable)
SInv    .            y - melded +2 pair of boots {Fly}
Will    .....        (no amulet)
Stlth   +++          E - +6 ring of dexterity
HPRegen 0.41/turn    D - ring of protection from fire
MPRegen 0.13/turn

%: no passive effects
@: tree-form, heroic
A: stationary, stasis, torment immunity, boosted hp, (horns 2), (retaliatory
headbutt), (iridescent scales 1), robust 1, subdued magic 1
a: Renounce Religion, Heroism, Finesse


You were on level 8 of the Dungeon.
You worshipped Okawaru.
Okawaru was greatly pleased with you.
You were a tree.
You visited 1 branch of the dungeon, and saw 8 of its levels.

You collected 561 gold pieces.
You spent 217 gold pieces at shops.

Inventory:

Hand Weapons
 a - a +0 war axe (weapon)
Armour
 b - a +0 scale mail
 c - a +0 buckler (worn)
 f - a +0 plate armour (melded)
 y - a +2 pair of boots of flying (melded)
 C - a scarf of shadows (melded)
Jewellery
 v - a ring of flight
 D - a ring of protection from fire (right branch)
 E - a +6 ring of dexterity (left branch)
Wands
 o - a wand of charming (16)
 p - a wand of roots (10)
Scrolls
 e - 12 scrolls of identify {unknown}
 g - a scroll of teleportation {unknown}
 j - 2 scrolls of fog {unknown}
 l - 2 scrolls of magic mapping {unknown}
 m - a scroll of poison {unknown}
 q - 3 scrolls of enchant armour {unknown}
 r - a scroll of vulnerability {unknown}
 s - a scroll of butterflies {unknown}
 u - 3 scrolls of fear
 z - 4 scrolls of immolation {unknown}
 A - a scroll of enchant weapon {unknown}
 B - 2 scrolls of noise {unknown}
Potions
 d - 3 potions of might
 h - 3 potions of brilliance {unknown}
 i - 8 potions of curing
 k - 2 potions of mutation
 n - a potion of invisibility {unknown}
 t - 2 potions of heal wounds {unknown}
 w - 4 potions of lignification
 x - a potion of cancellation {unknown}


   Skills:
 + Level 7.6(12.6) Fighting
 * Level 9.6(14.6) Axes
 + Level 7.6(12.6) Armour
 + Level 7.5(12.5) Shields
 * Level 6.3 Invocations


You had 8 spell levels left.
You didn't know any spells.
Your spell library contained the following spells:

 Spells                   Type           Power      Damage    Failure   Level
 Kiss of Death            Conj/Necr      0%         2d5       47%         1
 Confusing Touch          Hex            0%         N/A       85%         3
 Hailstorm                Conj/Ice       0%         3d3       85%         3
 Cause Fear               Hex            0%         N/A       99%         4
 Dispel Undead            Necr           0%         3d6       99%         4
 Ice Form                 Ice/Tmut       0%         N/A       99%         4
 Dragon Form              Tmut           0%         N/A       100%        7
 Simulacrum               Ice/Necr       Unusable   N/A       N/A         6
 Dragon's Call            Summ           Unusable   N/A       N/A         9

Dungeon Overview and Level Annotations

Branches:
Dungeon (8/15)             Temple (0/1) D:6
   Lair: D:8-11

Altars:
Ashenzari
Cheibriados
Dithmenos
Fedhas
Kikubaaqudgha
Makhleb
Okawaru
Qazlal
Ru
Trog
Vehumet
Wu Jian

Shops:
D:6 =[

Annotations:
D:3 exclusion: statue
D:6 3 runed translucent doors, Plommelars's ghost, novice DrFE; Plommelars's ghost, novice DsFi; destino's ghost, novice OpFE; hurdos's ghost, novice HOBe; ripuliukko's ghost, novice DEEE


Innate Abilities, Weirdness & Mutations

You are a tree.
Your roots penetrate the ground, keeping you stationary.
You cannot be teleported.
You are immune to unholy pain and torment.
Your maximum health is greatly increased.
Your equipment is partially melded.
((You have a pair of horns on your head.))
((You reflexively headbutt those who attack you in melee.))
((You are partially covered in iridescent scales. (AC +2)))
You are robust. (+10% HP)
Your spells are a little easier to cast, but a little less powerful.


Message History

Okay, then.
It was a potion of curing.
You feel better. The fire elemental hits you. The fire elemental burns you!
You resist.
* * * LOW HITPOINT WARNING * * *
The deep elf pyromancer casts a spell.
The deep elf pyromancer blinks!
You block the fire elemental's attack. The fire elemental barely misses you.
It was a potion of lignification.
You turn into a tree.
Your scarf of shadows melds into your body.
Your +2 pair of boots of flying melds into your body.
Your +0 plate armour melds into your body.
The dungeon's light returns to normal.
You float gracefully downwards.
Found a pair of gloves.
Your roots penetrate the ground.
The fire elemental hits you. The fire elemental burns you! You resist.
* * * LOW HITPOINT WARNING * * *
The deep elf pyromancer mumbles some strange words.
The deep elf pyromancer blinks!
The fire elemental hits you. The fire elemental burns you! You resist.
* * * LOW HITPOINT WARNING * * *
The fire elemental hits you.
* * * LOW HITPOINT WARNING * * *
The fire elemental burns you! You resist.
* * * LOW HITPOINT WARNING * * *
You feel better.
The deep elf pyromancer mumbles some strange words.
The deep elf pyromancer blinks!
You block the fire elemental's attack. The fire elemental hits you.
The fire elemental burns you! You resist.
* * * LOW HITPOINT WARNING * * *
The cyclops screams, "Help!"
Unknown command.
It was a potion of mutation.
You feel extremely strange.
Iridescent scales grow over part of your body.
Your connection to magic feels subdued.
You feel robust. The fire elemental hits you.
The deep elf pyromancer casts a spell.
The deep elf pyromancer blinks!
The fire elemental hits you. The fire elemental burns you! You resist.
* * * LOW HITPOINT WARNING * * *
The fire elemental hits you. The fire elemental burns you! You resist.
You die...

..#####.[...
......###..#
##......#..##.#
........##.##.#
...###...#.##.#
##...#...#.##.#
#..".#EE.#..#.#
..)C...♣.#..#.#
.)..#..#......#########
...##..#...##.........#
##...§.#..###.........#
......##..###.........#
...####...............+
.§J....e..............#
###...................##
......#####.....


You could see a slime creature (fleeing), a cyclops (fleeing), a deep elf
pyromancer (fleeing) and 2 fire elementals.

Vanquished Creatures
  An ugly thing (D:8)
  Sigmund (D:7)
  Edmund (D:7)
  3 water moccasins
  2 orc warriors
  A sky beast (D:7)
  2 black bears (D:4)
  2 ogres (D:5)
  6 bullfrogs
  3 scorpions
  A vampire bat (D:6)
  A howler monkey (D:5)
  A jelly (D:7)
  6 hounds
  A sleepcap (D:5)
  8 orc priests
  6 iguanas
  4 orc wizards
  Robin (D:3)
  14 gnolls
  11 adders
  A shadow imp (D:5)
  2 white imps
  An ufetubus (D:4)
  A worm (D:4)
  30 orcs
  15 ball pythons
  2 bat skeletons (D:6)
  3 bat zombies (D:6)
  8 endoplasms
  9 giant cockroaches
  17 goblins
  13 hobgoblins
  12 jackals
  5 quokkas
  6 bats
  3 frilled lizards
  6 kobolds
  4 rats
214 creatures vanquished.

Notes
Turn   | Place    | Note
-------+----------+-------------------------------------------
     0 | D:1      | ChadusMaximus the Minotaur Fighter began the quest for the
                  | Orb.
     0 | D:1      | Reached XP level 1. HP: 19/19 MP: 0/0
   233 | D:1      | Reached XP level 2. HP: 27/27 MP: 1/1
   281 | D:1      | Reached skill level 3 in Axes
   760 | D:2      | Reached XP level 3. HP: 32/33 MP: 2/2
  1074 | D:2      | Reached XP level 4. HP: 27/40 MP: 3/3
  1081 | D:2      | Reached skill level 4 in Axes
  1869 | D:3      | Found a sacrificial altar of Ru.
  1925 | D:3      | Reached XP level 5. HP: 31/47 MP: 4/4
  2013 | D:3      | Found a faded altar of an unknown god.
  2182 | D:3      | Identified the +1 robe of Shielding {+Inv rN+ Dex+3}
  2242 | D:3      | Noticed Robin
  2257 | D:3      | Killed Robin
  2258 | D:3      | Reached skill level 5 in Axes
  2467 | D:3      | Found an iron altar of Okawaru.
  2621 | D:3      | Found a radiant altar of Vehumet.
  2621 | D:3      | Noticed a charred statue
  2781 | D:3      | Reached XP level 6. HP: 39/55 MP: 5/5
  2844 | D:3      | Reached skill level 5 in Fighting
  2844 | D:3      | Reached skill level 5 in Armour
  2844 | D:3      | Reached skill level 5 in Shields
  2871 | D:3      | Found a shadowy altar of Dithmenos.
  3137 | D:3      | Became a worshipper of Warmaster Okawaru
  3227 | D:4      | Found a broken altar of Ashenzari.
  3247 | D:4      | Noticed a water moccasin
  3258 | D:4      | Killed a water moccasin
  3259 | D:4      | Reached skill level 1 in Invocations
  3259 | D:4      | Reached XP level 7. HP: 36/61 MP: 6/6
  3466 | D:4      | Reached skill level 6 in Axes
  3478 | D:4      | Found a bloodstained altar of Trog.
  3488 | D:4      | Reached * piety under Okawaru
  3588 | D:4      | Found a blossoming altar of Fedhas.
  3909 | D:4      | Found a stormy altar of Qazlal.
  3947 | D:5      | Entered Level 5 of the Dungeon
  4236 | D:5      | Reached XP level 8. HP: 51/70 MP: 9/9
  4239 | D:5      | Reached skill level 7 in Axes
  4263 | D:5      | Reached ** piety under Okawaru
  4472 | D:5      | Found an ornate altar of the Wu Jian Council.
  4474 | D:5      | Identified the +0 pair of gloves of Weysmo {Will- rCorr
                  | MP+9 Stlth+}
  4820 | D:6      | Reached skill level 8 in Axes
  4873 | D:6      | Found Naagy's Antique Armour Boutique.
  4882 | D:6      | Bought a pair of embroidered boots for 217 gold pieces
  4929 | D:6      | Reached *** piety under Okawaru
  4969 | D:6      | Found Xeqouthruczu's One-of-a-Kind Rings.
  4984 | D:6      | Found a burning altar of Makhleb.
  4984 | D:6      | Found a runed translucent gate.
  4985 | D:6      | Found a runed translucent gate.
  5098 | D:6      | Found a staircase to the Ecumenical Temple.
  5157 | D:6      | Found an ancient bone altar of Kikubaaqudgha.
  5226 | D:6      | Reached XP level 9. HP: 78/78 MP: 11/11
  5261 | D:6      | Found a runed translucent gate.
  5261 | D:6      | Noticed ripuliukko's ghost (novice DEEE)
  5261 | D:6      | Noticed hurdos's ghost (novice HOBe)
  5261 | D:6      | Noticed Plommelars's ghost (novice DsFi)
  5262 | D:6      | Noticed Plommelars's ghost (novice DrFE)
  5262 | D:6      | Noticed destino's ghost (novice OpFE)
  5398 | D:7      | Found a snail-covered altar of Cheibriados.
  5523 | D:7      | Reached skill level 5 in Invocations
  6096 | D:7      | Noticed Sigmund
  6108 | D:7      | Killed Sigmund
  6109 | D:7      | Reached skill level 9 in Axes
  6202 | D:7      | Noticed Edmund
  6208 | D:7      | Killed Edmund
  6387 | D:8      | Reached **** piety under Okawaru
  6407 | D:8      | Noticed a cyan ugly thing
  6422 | D:8      | Killed a cyan ugly thing
  6738 | D:8      | Noticed a deep elf pyromancer
  6738 | D:8      | Found the necklace of Bloodlust {Fury *Rage Will++ Int-3
                  | Slay+6}
  6739 | D:8      | Noticed a cyclops
  6753 | D:8      | HP: 5/118 [fire elemental[a deep elf pyromancer] (3)]
  6753 | D:8      | HP: 2/118 [fire elemental[a deep elf pyromancer] (2)]
  6755 | D:8      | Gained mutation: You are partially covered in iridescent
                  | scales. (AC +2) [potion of mutation]
  6755 | D:8      | Gained mutation: Your spells are a little easier to cast,
                  | but a little less powerful. [potion of mutation]
  6755 | D:8      | Gained mutation: You are robust. (+10% HP) [potion of
                  | mutation]
  6755 | D:8      | Slain by a fire elemental

Illustrated notes

Levels and vault maps discovered:
D:1:      dpeg_arrival_round_b, layout_loops_ring, minmay_misc_feat_enclosed
D:2:      layout_basic, serial_aquarium, aquarium_bridge_square
          [aquarium_subvault_window, aquarium_subvault_wall,
          aquarium_subvault_wall, aquarium_subvault_bridge],
          aquarium_bridge_square [aquarium_subvault_wall,
          aquarium_subvault_bridge, aquarium_subvault_wall,
          aquarium_subvault_bridge], aquarium_window_2, aquarium_window_1,
          aquarium_view_2d, aquarium_pool_corner, palyth_stone_intersect
D:3:      layout_basic, vehumet_statue, mainiacjoe_overflow_chevrons,
          mainiacjoe_overflow_boulevard, mainiacjoe_overflow_surrounded_room,
          hellmonk_ecumenical_altar_lost_god, uniq_robin
D:4:      layout_cave_pools, amcnicky_altar_gilded, trog_ov_bears_minmay,
          kennysheep_mini, cheibrodos_ashenzari_chains, serial_column_ruins,
          column_ruins_grid_3, column_ruins_grid_1, column_ruins_open_tiny,
          column_ruins_columns_corner, column_ruins_columns_corner,
          minmay_ruptured
D:5:      layout_gridville, dreamdust_wishing_well, minmay_ruined_shrine
D:6:      layout_cave_pools, kennysheep_vampire_church, old_standard_altar,
          minmay_temple_entry_gardened_gates, gammafunk_ghost_cemetery,
          nicolae_stop_n_shop_2, nicolae_shop_unique_rings
D:7:      layout_rooms, nicolae_overflow_hidden_temple, sigmund_edmund_badplayer
D:8:      layout_basic, minmay_radiant

Skill      XL: |  1  2  3  4  5  6  7  8  9 |
---------------+----------------------------+-----
Axes           | 3 4 5 6 8 9 |  9.6
Fighting       | 4 5 6 7 |  7.6
Armour         | 4 5 6 7 |  7.6
Shields        | 4 5 6 7 |  7.5
Invocations    | 1 3 4 6 |  6.3

Action                     |  1- 3 |  4- 6 |  7- 9 || total
---------------------------+-------+-------+-------++-------
  Melee: War axe           |    86 |   144 |   274 ||   504
         Headbutt          |    10 |    20 |    45 ||    75
 Invoke: Heroism           |       |       |     2 ||     2
    Use: Potion            |       |       |     4 ||     4
         Scroll            |       |       |     1 ||     1
 Armour: Plate armour      |    71 |    84 |   198 ||   353
         Scale mail        |     1 |       |       ||     1
         Skin              |       |       |     7 ||     7
  Dodge: Dodged            |    30 |    40 |   111 ||   181
  Block: Buckler           |    22 |    34 |    90 ||   146
